 Dungeon Crawl Stone Soup version 0.24.0-13-gcf9b319 (webtiles) character file.

Game seed: 1652472677173873884, levelgen mode: deterministic

257488 sinsavior the Axe Maniac (level 20, -3/193 HPs)
             Began as a Hill Orc Berserker on Dec 30, 2019.
             Was the Champion of Trog.
             Slain by a ghost moth (7 damage)
             ... on level 4 of the Spider Nest on Dec 31, 2019.
             The game lasted 02:35:59 (50674 turns).

sinsavior the Axe Maniac (Hill Orc Berserker)      Turns: 50674, Time: 02:36:00

Health: -3/193     AC: 20    Str: 30    XL:     20   Next: 26%
Magic:  2/29       EV:  9    Int: 10    God:    Trog [******]
Gold:   1721       SH:  0    Dex: 16    Spells: 21/21 levels left

rFire    . . .     SeeInvis +   X - +9 executioner's axe (chop) {god gift}
rCold    + . .     Gourm    .   (shield currently unavailable)
rNeg     + . .     Faith    .   o - +2 plate armour {rN+}
rPois    +         Spirit   .   r - +0 helmet {Int+3}
rElec    .         Reflect  .   J - +2 cloak {rPois}
rCorr    .         Harm     .   i - +2 pair of gloves
MR       +++..                  G - +2 pair of boots of Depression {rC+ Dex+4 Slay+3}
Stlth    ..........             W - amulet of regeneration
HPRegen  1.82/turn              v - +3 ring of strength
MPRegen  0.21/turn              n - ring of see invisible

@: lethally poisoned (-3 -> -8), corroded, very slightly contaminated,
regenerating
A: no striking features
}: 1/15 runes: decaying
a: Berserk, Trog's Hand, Brothers in Arms, Renounce Religion


You were on level 4 of the Spider Nest.
You worshipped Trog.
Trog was exalted by your worship.
You were very hungry.

You visited 6 branches of the dungeon, and saw 34 of its levels.

You collected 3965 gold pieces.
You spent 2244 gold pieces at shops.

Inventory:

Hand Weapons
 D - the +5 battleaxe "Zeodam" {god gift, flame, Str+3}
   (Trog gifted it to you on level 15 of the Dungeon)

   It has been specially enchanted to burn those struck by it, causing extra
   injury to most foes and up to half again as much damage against particularly
   susceptible opponents.
   Big, fiery blades are also staple armaments of hydra-hunters.
   It affects your strength (+3).
 X - a +9 executioner's axe of chopping (weapon) {god gift}
Armour
 i - a +2 pair of gloves (worn)
 j - a scarf of cloud immunity
 o - a +2 plate armour of positive energy (worn)
 r - a +0 helmet of intelligence (worn)
 G - the +2 pair of boots of Depression (worn) {rC+ Dex+4 Slay+3}
   (You bought it in a shop on level 1 of the Elven Halls)

   It affects your dexterity (+4).
   It affects your accuracy and damage with ranged weapons and melee attacks
   (+3).
   It protects you from cold.
 J - a +2 cloak of poison resistance (worn)
Jewellery
 l - an uncursed ring of protection from magic
 m - an uncursed ring of flight
 n - a ring of see invisible (right hand)
 v - a +3 ring of strength (left hand)
 E - an uncursed ring of protection from cold
 F - a +2 amulet of reflection
 T - an uncursed ring of protection from fire
 W - an amulet of regeneration (around neck)
Wands
 y - a wand of clouds (3)
 z - a wand of polymorph (14)
 A - a wand of acid (20)
 O - a wand of paralysis (15)
 Z - a wand of iceblast (30)
Scrolls
 d - 18 scrolls of remove curse
 e - 6 scrolls of fear
 h - 10 scrolls of teleportation
 q - 2 scrolls of enchant weapon
 t - 6 scrolls of magic mapping
 B - 4 scrolls of holy word
 C - 9 scrolls of identify
 I - 2 scrolls of blinking
 K - a scroll of fog
 L - 2 scrolls of summoning
 Q - 7 scrolls of enchant armour
 V - 2 scrolls of brand weapon
Potions
 a - 4 potions of invisibility
 f - 4 potions of magic
 g - 5 potions of flight
 k - 6 potions of brilliance
 p - 4 potions of haste
 u - 3 potions of resistance
 w - 3 potions of heal wounds
 x - 4 potions of might
 H - 20 potions of curing
 M - 2 potions of agility
 R - a potion of ambrosia
 S - 5 potions of cancellation
Miscellaneous
 b - 2 boxes of beasts
 s - 2 sacks of spiders
 U - a phial of floods
 Y - a lamp of fire
Comestibles
 c - 38 rations
 N - 4 chunks of flesh


   Skills:
 + Level 20.2 Fighting
 O Level 27 Axes
 - Level 1.5 Throwing
 + Level 17.2 Armour
 - Level 1.5 Dodging
 - Level 1.7 Stealth
   Level 0.6 Shields
 - Level 2.0 Unarmed Combat
 - Level 1.2 Spellcasting
 - Level 12.0 Evocations


You had 21 spell levels left.
You didn't know any spells.
Your spell library was empty.

Dungeon Overview and Level Annotations

Branches:
Dungeon (15/15)            Temple (0/1) D:7            Lair (6/6) D:10
  Swamp (4/4) Lair:4       Spider (4/4) Lair:4        Slime (0/5) Lair:5
    Orc (2/2) D:9             Elf (3/3) Orc:2        Vaults (0/5) D:13
 Depths (0/5) D:15

Altars:
Dithmenos
Fedhas
Nemelex Xobeh
Ru
Sif Muna
Beogh
Jiyva

Shops:
D:8 [   D:13 (   D:14 ?   Orc:1 :   Orc:2 (}!*!   Elf:1 [   Elf:2 *

Portals:
Trove: D:11 (give 12 potions of heal wounds)

Annotations:
Spider:4 Arachne


Message History

The ghost moth stares at you.
You feel your power leaking away.
Your deep troll closely misses the entropy weaver.
Your deep troll claws the entropy weaver.
Your deep troll claws the entropy weaver!
The entropy weaver mumbles some strange words.
The entropic weave corrodes you! The ghost moth stares at you.
You feel your power leaking away.
* * * LOW HITPOINT WARNING * * *
You feel very sick. The ghost moth stares at you.
You feel your power leaking away.
The ghost moth hits you but does no damage. x2
The ghost moth stings you but does no damage.
There is a stone staircase leading up here.
* * * LOW HITPOINT WARNING * * *
You feel very sick. The ghost moth hits you!
You die...

.#.#........#
...^..^#.†.##
..^....†.###
...#.....#####
.........##.^##
#.......###...#
...##^.(.....##
.. ###....^## .
#.....@## .^
###..y..## .
#.^^...# .
###^#..### s
###.^..### ##
###....#########.
##...T.##≈##.ss
##..a#..^#sss.
#..†..§†.ss≈s


You could see a ghost moth (invisible).

Vanquished Creatures
  the Lernaean hydra (Swamp:4)
  Saint Roka (Elf:3)
  Nikola (Swamp:1)
  A deep elf blademaster (Elf:2)
  Gastronok (D:8)
  A deep elf master archer (Elf:3)
  Frances (D:14)
  Kirke (D:14)
  3 thorn hunters
  Donald (Orc:2)
  6 deep elf sorcerers (Elf:3)
  Aizul (Swamp:1)
  A ghost moth (Spider:3)
  2 deep elf elementalists
  An emperor scorpion (Spider:4)
  5 deep elf demonologists (Elf:3)
  2 entropy weavers
  A stone giant (Orc:1)
  2 ettins
  6 deep elf annihilators (Elf:3)
  A spark wasp (Spider:3)
  Azrael (Spider:1)
  2 fire dragons (Swamp:2)
  2 deep elf high priests (Elf:3)
  3 deep elf death magi
  2 ogre magi (D:15)
  2 vault guards (D:13)
  21 hydras
  An ice dragon (Swamp:3)
  2 centaur warriors
  2 ghost crabs
  2 shambling mangroves
  A catoblepas (Lair:6)
  14 alligators
  25 dancing weapons
  11 two-headed ogres
  2 tengu warriors
  A deep troll earth mage (D:14)
  4 orc high priests (Orc:2)
  7 death yaks
  The ghost of Ixufeu the Covert, a journeyman SpAr of Gozag (Lair:1)
  Nergalle (D:11)
  11 deep elf knights
  An unseen horror (D:11)
  4 spriggan druids
  16 swamp dragons
  11 deep elf archers
  3 wizards
  2 lindwurms (Swamp:2)
  18 wolf spiders
  4 necromancers (D:13)
  A wolf spider zombie (D:15)
  A mana viper (shapeshifter) (D:14)
  2 oklob plants (Lair:5)
  2 orc knights
  4 orc sorcerers
  8 orb spiders
  53 deep elf magi
  3 manticores
  2 cyclopes
  A moth of wrath (Spider:1)
  13 ugly things
  A black mamba (shapeshifter) (Elf:2)
  10 elephants
  2 naga magi (D:15)
  2 torpor snails
  3 black mambas
  A gargoyle (D:15)
  13 spiny frogs
  9 demonic crawlers
  A kobold demonologist (D:12)
  A rime drake (Lair:3)
  A guardian mummy (D:11)
  11 komodo dragons
  2 efreet
  A tengu conjurer (D:13)
  The ghost of sanboga the Shield-Bearer, a novice GrFi of Hepliaklqana (D:5)
  A harpy zombie (D:15)
  A wolf spider simulacrum (D:14)
  A queen bee (D:9)
  6 trolls
  8 tyrant leeches
  20 jumping spiders
  13 hornets
  16 slime creatures
  12 bog bodies
  13 dream sheep
  18 blink frogs
  8 hippogriffs
  Sigmund (D:3)
  A spriggan (shapeshifter) (D:15)
  4 air elementals
  61 redbacks
  12 spriggans
  A wyvern (Lair:6)
  75 yaks
  2 vampires (D:14)
  Eustachio (D:5)
  2 shadows
  3 water elementals
  A wyvern (shapeshifter) (D:15)
  21 tarantellas
  18 humans (D:13)
  3 hungry ghosts
  2 basilisks
  5 hogs (D:14)
  Grum (D:10)
  7 fire elementals
  19 vampire mosquitoes
  6 wargs
  12 swamp worms
  A soldier ant (D:11)
  12 water moccasins
  2 hell hounds (Spider:1)
  10 porcupines
  4 ice beasts
  2 black bears
  29 orc warriors
  10 swamp drakes
  A hornet zombie (D:13)
  2 phantoms
  A sky beast (D:10)
  An eye of draining (D:11)
  37 wolves
  17 ogres
  2 necrophages
  2 boggarts (Elf:1)
  5 centaurs
  16 crocodiles
  3 big kobolds
  26 bullfrogs
  A gnoll sergeant (D:9)
  2 wyvern zombies
  3 earth elementals
  9 scorpions
  A wyvern skeleton (D:11)
  9 wights
  20 killer bees
  5 electric eels
  7 crimson imps
  A howler monkey (D:5)
  2 centaur zombies
  6 centaur skeletons
  A lava snake (Lair:1)
  3 quasits
  9 hounds
  A gnoll shaman (D:9)
  4 jellies
  42 orc priests
  34 orc wizards
  2 bullfrog skeletons
  5 iguanas
  A hell rat (Lair:2)
  16 worker ants
  16 gnolls
  10 adders
  A howler monkey skeleton (D:10)
  4 shadow imps
  4 adder skeletons
  4 dart slugs
  4 leopard geckos
  91 orcs
  2 giant cockroaches
  6 goblins
  6 hobgoblins
  17 jackals
  26 kobolds
  2 quokkas
  A ball python (D:2)
  A ball python skeleton (D:6)
  9 bats
  5 frilled lizards
  A quokka skeleton (D:5)
  A quokka zombie (D:5)
  4 rats
  15 briar patches
  2 crawling corpses (Elf:3)
  5 fungi
  8 plants
1353 creatures vanquished.

Vanquished Creatures (collateral kills)
  2 deep elf sorcerers
  A dire elephant (Lair:6)
  The ghost of Dharzhak the Cleaver, a journeyman FoFi of Gozag (D:10)
  6 dancing weapons (Elf:2)
  A deep troll shaman (Lair:6)
  4 death yaks (Lair:6)
  3 deep elf knights
  A deep elf archer (Elf:3)
  3 wolf spiders (Spider:4)
  3 deep elf magi (Elf:1)
  A jumping spider (Spider:4)
  A dream sheep (Lair:5)
  5 redbacks (Spider:4)
  A warg (Elf:3)
  A killer bee (D:10)
  An orc (Elf:3)
35 creatures vanquished.

Vanquished Creatures (others)
  A lindwurm (Swamp:2)
  3 briar patches
  6 fungi
  15 plants
  7 toadstools (Swamp:2)
32 creatures vanquished.

Grand Total: 1420 creatures vanquished

Notes
Turn   | Place    | Note
-------+----------+-------------------------------------------
     0 | D:1      | sinsavior the Hill Orc Berserker began the quest for the
                  | Orb.
     0 | D:1      | Reached XP level 1. HP: 19/19 MP: 1/1
    93 | D:1      | Reached XP level 2. HP: 18/27 MP: 2/2
   740 | D:1      | Reached skill level 5 in Axes
   836 | D:1      | Reached XP level 3. HP: 32/33 MP: 3/3
  1393 | D:2      | Reached ** piety under Trog
  1513 | D:2      | Reached XP level 4. HP: 36/40 MP: 4/4
  1565 | D:2      | Reached skill level 6 in Axes
  2300 | D:3      | Found a sacrificial altar of Ru.
  2363 | D:3      | Noticed Sigmund
  2692 | D:3      | Reached XP level 5. HP: 40/47 MP: 5/5
  2770 | D:3      | Killed Sigmund
  2770 | D:3      | Reached skill level 5 in Fighting
  2770 | D:3      | Reached skill level 8 in Axes
  2770 | D:3      | Reached skill level 1 in Stealth
  2770 | D:3      | Reached XP level 6. HP: 56/56 MP: 6/6
  3160 | D:4      | Reached *** piety under Trog
  3421 | D:4      | Reached XP level 7. HP: 53/61 MP: 7/7
  3553 | D:4      | Reached skill level 9 in Axes
  3848 | D:4      | Reached skill level 10 in Axes
  4292 | D:5      | Entered Level 5 of the Dungeon
  4327 | D:5      | Found a runed translucent gate.
  4328 | D:5      | Found a runed translucent gate.
  4329 | D:5      | Found a runed translucent gate.
  4330 | D:5      | Noticed sanboga's ghost (novice GrFi)
  4459 | D:5      | Reached XP level 8. HP: 58/70 MP: 8/8
  5225 | D:5      | Reached skill level 11 in Axes
  5693 | D:5      | Noticed Eustachio
  5703 | D:5      | Killed Eustachio
  5868 | D:5      | Killed sanboga's ghost
  5873 | D:5      | Reached skill level 12 in Axes
  5873 | D:5      | Reached XP level 9. HP: 79/79 MP: 9/9
  5982 | D:6      | Reached skill level 5 in Armour
  6296 | D:6      | Reached **** piety under Trog
  7102 | D:6      | Reached skill level 13 in Axes
  7373 | D:7      | Reached XP level 10. HP: 90/90 MP: 10/10
  7558 | D:7      | Found a staircase to the Ecumenical Temple.
  7905 | D:8      | Noticed Gastronok
  7919 | D:8      | Killed Gastronok
  7919 | D:8      | Reached skill level 14 in Axes
  8048 | D:8      | Found Xerec's Armour Emporium.
  8148 | D:8      | Found a roughly hewn altar of Beogh.
  8159 | D:8      | Reached ***** piety under Trog
  8484 | D:9      | Reached skill level 15 in Axes
  9156 | D:9      | Reached XP level 11. HP: 99/99 MP: 11/11
  9379 | D:9      | Found a staircase to the Orcish Mines.
  9389 | D:9      | Reached skill level 10 in Fighting
 10243 | D:9      | Noticed a two-headed ogre
 10246 | D:9      | Killed a two-headed ogre
 10246 | D:9      | Reached skill level 16 in Axes
 10387 | D:10     | Entered Level 10 of the Dungeon
 10423 | D:10     | Received a gift from Trog
 10568 | D:10     | Noticed Grum
 10574 | D:10     | Killed Grum
 10821 | D:10     | Noticed Dharzhak's ghost (journeyman FoFi)
 10828 | D:10     | Found a transporter.
 10840 | D:10     | Found a transporter.
 10908 | D:10     | Found a staircase to the Lair.
 11138 | D:10     | Killed Dharzhak's ghost
 11202 | D:11     | Reached skill level 17 in Axes
 11277 | D:11     | Noticed a two-headed ogre
 11277 | D:11     | Noticed a red ugly thing
 11314 | D:10     | Killed a two-headed ogre
 11314 | D:10     | Reached XP level 12. HP: 78/109 MP: 12/12
 11436 | D:10     | Reached skill level 10 in Armour
 11881 | D:11     | Paralysed by a hornet for 1 turns
 12343 | D:11     | Noticed a two-headed ogre
 12349 | D:11     | Killed a two-headed ogre
 12361 | D:11     | Found a shadowy altar of Dithmenos.
 12371 | D:11     | Noticed Nergalle
 12382 | D:11     | Killed Nergalle
 12566 | D:11     | Found a portal to a secret trove of treasure.
 12577 | D:11     | Reached skill level 18 in Axes
 14123 | Lair:1   | Entered Level 1 of the Lair of Beasts
 14132 | Lair:1   | Received a gift from Trog
 14153 | Lair:1   | Reached skill level 19 in Axes
 14301 | Lair:1   | Found a runed translucent door.
 14304 | Lair:1   | Noticed Ixufeu's ghost (journeyman SpAr)
 14305 | Lair:1   | Identified the +7 spear "Dewio" {pierce, Fragile rC++ Int+2
                  | Dex+3}
 14383 | Lair:1   | Reached XP level 13. HP: 118/118 MP: 13/13
 15090 | Lair:1   | Killed Ixufeu's ghost
 15949 | Lair:2   | Reached skill level 1 in Evocations
 16538 | Lair:3   | Reached skill level 20 in Axes
 17372 | Lair:4   | Found a hole to the Spider Nest.
 17643 | Lair:4   | Received a gift from Trog
 17643 | Lair:4   | Reached XP level 14. HP: 123/130 MP: 5/16
 17665 | Lair:4   | Found a staircase to the Swamp.
 19119 | Lair:5   | Found a viscous altar of Jiyva.
 19119 | Lair:5   | Found a staircase to the Slime Pits.
 19321 | Lair:5   | Identified a scroll of acquirement
 19353 | Lair:6   | Entered Level 6 of the Lair of Beasts
 19457 | Lair:6   | Reached skill level 5 in Evocations
 19704 | Lair:6   | Reached skill level 21 in Axes
 19706 | Lair:6   | Reached ****** piety under Trog
 19706 | Lair:6   | Received a gift from Trog
 20285 | Lair:6   | Reached skill level 15 in Fighting
 20327 | Lair:6   | Noticed a dire elephant
 20341 | Lair:6   | Killed a dire elephant
 20401 | Lair:6   | Reached XP level 15. HP: 132/141 MP: 6/19
 20958 | Orc:1    | Entered Level 1 of the Orcish Mines
 21002 | Orc:1    | Found Sucec's Book Shop.
 21075 | Orc:1    | Found a roughly hewn altar of Beogh.
 21150 | Orc:2    | Entered Level 2 of the Orcish Mines
 21401 | Orc:1    | Received a gift from Trog
 24461 | Orc:2    | Found Zuubry's Distillery.
 24538 | Orc:2    | Bought a potion of heal wounds for 55 gold pieces
 24538 | Orc:2    | Bought a potion of curing for 33 gold pieces
 24538 | Orc:2    | Bought a potion of haste for 110 gold pieces
 24779 | Orc:2    | Found Buqued's Gadget Emporium.
 24779 | Orc:2    | Found Pacifrog's Weapon Emporium.
 24780 | Orc:2    | Found Keof's Distillery.
 24783 | Orc:2    | Found Egiorgh's Assorted Antiques.
 24800 | Orc:2    | Received a gift from Trog
 24889 | Orc:2    | Bought a sack of spiders for 340 gold pieces
 24890 | Orc:2    | Bought a potion of curing for 90 gold pieces
 24890 | Orc:2    | Bought a potion of curing for 90 gold pieces
 24890 | Orc:2    | Bought a scroll of identify for 60 gold pieces
 24891 | Orc:2    | Bought a potion of haste for 170 gold pieces
 24891 | Orc:2    | Bought a potion of curing for 51 gold pieces
 24891 | Orc:2    | Bought a potion of curing for 51 gold pieces
 24891 | Orc:2    | Bought a potion of haste for 170 gold pieces
 24955 | Orc:2    | Noticed Donald
 24974 | Orc:2    | Killed Donald
 25033 | Orc:2    | Found a staircase to the Elven Halls.
 25205 | Elf:1    | Entered Level 1 of the Elven Halls
 25949 | Elf:1    | Noticed a deep elf sorcerer
 25960 | Elf:1    | Killed a deep elf sorcerer
 26193 | Elf:1    | Received a gift from Trog
 26401 | Elf:1    | Reached skill level 22 in Axes
 27209 | Elf:1    | Found Kyos's Antique Armour Boutique.
 27218 | Elf:1    | Bought a pair of spiked boots for 266 gold pieces
 27228 | Elf:1    | Identified the +2 pair of boots of Depression {rC+ Dex+4
                  | Slay+3} (You bought it in a shop on level 1 of the Elven
                  | Halls)
 27566 | Elf:2    | Reached XP level 16. HP: 152/152 MP: 7/22
 27940 | Elf:2    | Found Tobroxt's General Store.
 27945 | Elf:2    | Bought a scroll of summoning for 123 gold pieces
 27945 | Elf:2    | Bought a scroll of blinking for 97 gold pieces
 27945 | Elf:2    | Bought a scroll of enchant weapon for 97 gold pieces
 27945 | Elf:2    | Bought a scroll of fear for 45 gold pieces
 27945 | Elf:2    | Bought a scroll of identify for 26 gold pieces
 29040 | Elf:2    | Found a runed translucent gate.
 29040 | Elf:2    | Found a runed translucent gate.
 29040 | Elf:2    | Found a runed translucent gate.
 30836 | Elf:3    | Entered Level 3 of the Elven Halls
 31247 | Elf:3    | Reached skill level 15 in Armour
 32087 | Elf:3    | Reached XP level 17. HP: 163/163 MP: 8/24
 32359 | Elf:3    | Noticed a Tzitzimitl
 32739 | Elf:3    | Reached skill level 10 in Evocations
 32755 | Elf:3    | HP: 5/163 [acid (17)]
 33180 | Elf:3    | Noticed a deep elf blademaster
 33188 | Elf:3    | Noticed a Hell Sentinel
 33208 | Elf:2    | Killed a deep elf blademaster
 33208 | Elf:2    | Reached skill level 23 in Axes
 34111 | Elf:3    | Noticed a Tzitzimitl
 34869 | Elf:3    | Noticed a deep elf master archer
 34876 | Elf:3    | Killed a deep elf master archer
 35181 | Elf:3    | Received a gift from Trog
 35581 | Elf:3    | Identified the +10 dagger of the Elven Halls {protect, rC+
                  | Stlth+}
 35582 | Elf:3    | Noticed Saint Roka
 36237 | Elf:3    | Killed Saint Roka
 36738 | Elf:3    | Identified the Tome of the Weasel
 37724 | D:13     | Found a gate to the Vaults.
 37730 | D:13     | Reached skill level 24 in Axes
 37855 | D:13     | Found Bikhizass's Weapon Shoppe.
 37974 | D:13     | Reached XP level 18. HP: 171/173 MP: 26/26
 38325 | D:14     | Found a shimmering blue altar of Sif Muna.
 38325 | D:14     | Found a blossoming altar of Fedhas.
 38755 | D:14     | Found a sparkling altar of Nemelex Xobeh.
 38756 | D:14     | Noticed Frances
 38763 | D:14     | Killed Frances
 38783 | D:14     | Noticed Kirke
 38796 | D:14     | Killed Kirke
 39063 | D:14     | Found Mofoz's Magic Scroll Emporium.
 39076 | D:14     | Bought a scroll of enchant armour for 75 gold pieces
 39076 | D:14     | Bought a scroll of remove curse for 30 gold pieces
 39076 | D:14     | Bought a scroll of enchant weapon for 75 gold pieces
 39076 | D:14     | Bought a scroll of summoning for 95 gold pieces
 39076 | D:14     | Bought a scroll of holy word for 75 gold pieces
 39076 | D:14     | Bought a scroll of identify for 20 gold pieces
 39694 | D:14     | You fall into a shaft and drop 1 floor!
 39694 | D:15     | Entered Level 15 of the Dungeon
 40060 | D:15     | Received a gift from Trog
 40075 | D:15     | Got a crude battleaxe {god gift}
 40184 | D:15     | Reached skill level 25 in Axes
 40370 | D:15     | Found a staircase to the Depths.
 40474 | D:15     | Identified the +5 battleaxe "Zeodam" {god gift, flame,
                  | Str+3} (Trog gifted it to you on level 15 of the Dungeon)
 41286 | Swamp:1  | Entered Level 1 of the Swamp
 41681 | Swamp:1  | Noticed Nikola
 41710 | Swamp:1  | Killed Nikola
 42114 | Swamp:1  | Noticed Aizul
 42120 | Swamp:1  | Killed Aizul
 42234 | Swamp:1  | Received a gift from Trog
 42376 | Swamp:2  | Reached skill level 26 in Axes
 43755 | Swamp:2  | Reached XP level 19. HP: 173/180 MP: 27/27
 45395 | Swamp:3  | Reached skill level 27 in Axes
 45836 | Swamp:3  | Received a gift from Trog
 46655 | Swamp:4  | Entered Level 4 of the Swamp
 46659 | Swamp:4  | Reached skill level 1 in Unarmed Combat
 46709 | Swamp:4  | Reached skill level 1 in Throwing
 46728 | Swamp:4  | Reached skill level 1 in Spellcasting
 46787 | Swamp:4  | Received a gift from Trog
 47504 | Swamp:4  | Noticed the 27-headed Lernaean hydra
 47519 | Swamp:4  | Killed the 24-headed Lernaean hydra
 47900 | Swamp:4  | Got a decaying rune of Zot
 48136 | Spider:1 | Entered Level 1 of the Spider Nest
 48278 | Spider:1 | Noticed Azrael
 48284 | Spider:1 | Killed Azrael
 49452 | Spider:2 | Received a gift from Trog
 49778 | Spider:3 | Reached XP level 20. HP: 170/193 MP: 29/29
 50491 | Spider:4 | Entered Level 4 of the Spider Nest
 50499 | Spider:4 | Received a gift from Trog
 50644 | Spider:4 | Noticed Arachne
 50672 | Spider:4 | HP: 8/193 [poisoned by a wolf spider]
 50674 | Spider:4 | Slain by a ghost moth

Levels and vault maps discovered:
D:1:      evilmike_arrival_crescent, layout_basic
D:2:      layout_loops_ring, first_ration
D:3:      layout_loops_corners, lemuel_round_altar, uniq_sigmund
D:4:      layout_cave_pools
D:5:      minmay_thinvault, layout_rooms, gammafunk_ghost_split, uniq_eustachio
D:6:      layout_basic, minmay_misc_feat_secret_circle,
          eino_small_chamber_without_monster
D:7:      layout_basic, minmay_temple_entry_hall
D:8:      layout_rooms, special_room [special_room_orc], serial_shops, shop,
          uniq_gastronok
D:9:      layout_roguey, minmay_orc_entry_guard_dogs, grunt_decor_fettered,
          david_nohive_1
D:10:     layout_loops_ring, grunt_lair_entry_orc_guard_hut,
          gammafunk_ghost_arena, kennysheep_generic_room_11, uniq_grum
D:11:     layout_cave_pools, nicolae_trove_entry_path_of_doom,
          nicolae_dithmenos_through_a_glass_darkly, uniq_nergalle
D:12:     layout_basic
D:13:     layout_cave_pods, grunt_vaults_entry_tiered, serial_shops, shop
D:14:     layout_basic, nemelex_xobeh_ov_fountains_minmay, serial_shops,
          nicolae_shop_window_shopping, roderic_lattice_a, jmf_multi_god_temple,
          uniq_frances, uniq_kirke
D:15:     grunt_enter_depths_magical_seal, layout_stronghold,
          minmay_misc_feat_rugged, nicolae_benzene_ring
Lair:1:   layout_gridlike, ebering_ghost_funeral_grove, beast_lair_carwin_1
Lair:2:   wad_woods_structure_01, layout_long_grid,
          grunt_forest_large_clearing_hut
Lair:3:   layout_roguey, wad_woods_road_03, fungi_pond_lemuel,
          grunt_megastairs_5
Lair:4:   layout_cave_shapes, minmay_swamp_entry_swarm,
          spider_nest_entry_web_field, beast_lair_carwin_10,
          lemuel_fruit_fields, serial_bayou_shore_a
Lair:5:   layout_cave_pods, slime_altar_1, st_stairs_5,
          minmay_lair_oklob_chamber, lemuel_fruit_fields
Lair:6:   grunt_lair_end_beastmaster, layout_concentric_octagons,
          chequers_serial_rivers_small_3
Swamp:1:  layout_falls_marsh, hangedman_swamp_ruin_hall, uniq_aizul, uniq_nikola
Swamp:2:  cheibrodos_swamp_tower_of_moss, layout_falls_marsh,
          nicolae_swamp_little_tower, hangedman_swamp_double_dragon
Swamp:3:  layout_basic_swamp, portal_ice_cave_entry_dragon,
          nicolae_swamp_triple_paths, swamp_pool3
Swamp:4:  swamp_old_school, layout_basic_swamp
Spider:1: nicolae_spider_mines_3, uniq_azrael
Spider:2: layout_spider_delve
Spider:3: layout_spider_delve, guppyfry_spider_mini_3
Spider:4: grunt_spider_rune_circles, spiders_nest_the_unseen, uniq_arachne
Orc:1:    layout_caves, basic_altar, ebering_ghost_xom, serial_shops,
          nicolae_shop_competitors_out_of_business, nicolae_orc_pool_cavern,
          uniq_fannar
Orc:2:    st_orc_mages, layout_caves, serial_shops, shop, uniq_donald
Elf:1:    elf_arrival_001, layout_loops_corners, serial_shops,
          nicolae_shop_trees, hangedman_elf_disciples
Elf:2:    layout_geoelf_diagonals, serial_shops, shop_fountains
Elf:3:    minmay_elf_hall_dome, layout_loops_corners, guppyfry_library_mini,
          uniq_saint_roka

Skill      XL: |  1  2  3  4  5  6  7  8  9 10 11 12 13 14 15 16 17 18 19 20 |
---------------+-------------------------------------------------------------+-----
Fighting       | 4 5 7 8 9 11 12 13 15 16 17 18 19 20 | 20.2
Axes           | 5 6 8 10 12 13 15 17 19 20 21 22 24 26 27 | 27.0
Stealth        | 1 |  1.7
Armour         | 4 7 8 9 11 12 13 14 15 16 17 | 17.2
Evocations     | 3 6 8 9 10 11 12 | 12.0
Unarmed Combat | 2 |  2.0
Throwing       | 1 |  1.5
Spellcasting   | 1 |  1.2
Dodging        | |  1.5
Shields        | |  0.6

Action                   |  1- 3 |  4- 6 |  7- 9 | 10-12 | 13-15 | 16-18 | 19-21 || total
-------------------------+-------+-------+-------+-------+-------+-------+-------++-------
Melee: Hand axe          |   123 |   138 |   516 |       |    26 |     4 |       ||   807
       Battleaxe         |       |       |    16 |   576 |  1021 |   508 |    61 ||  2182
       Executioner's axe |       |       |       |       |       |   429 |   441 ||   870
Invok: Berserk           |       |     2 |     3 |    11 |     6 |     1 |       ||    23
       Trog's Hand       |       |     1 |     4 |     2 |     7 |    10 |     3 ||    27
       Brothers in Arms  |       |       |       |     1 |     5 |     7 |     3 ||    16
  Use: Scroll            |       |       |     6 |     7 |    19 |    17 |     4 ||    53
       Potion            |       |       |       |     1 |     4 |     1 |     3 ||     9
 Stab: Sleeping          |     1 |       |       |       |       |       |       ||     1
       Distracted        |       |       |       |       |     1 |     2 |     1 ||     4
       Confused          |       |       |       |       |       |     1 |       ||     1
  Eat: Chunk             |     2 |     4 |    15 |    29 |    34 |    22 |    16 ||   122
       Ration            |       |     1 |     3 |     2 |     5 |    11 |     2 ||    24
Armor: Animal skin       |    14 |       |       |       |       |       |       ||    14
       Leather armour    |    14 |    13 |       |       |       |       |       ||    27
       Scale mail        |       |    44 |    67 |       |       |       |       ||   111
       Plate armour      |       |       |   137 |   370 |   647 |   593 |   620 ||  2367
Dodge: Dodged            |    85 |    65 |   191 |   216 |   334 |   247 |   295 ||  1433
Block: Buckler           |       |       |    18 |       |       |       |       ||    18
       Other             |       |       |       |    33 |    13 |    44 |    34 ||   124
       Reflection        |       |       |       |       |       |     3 |       ||     3
